[Event "World Junior U20 Girls 2018"]
[Site "Gebze"]
[Date "2018.09.07"]
[Round "4"]
[White "Zairbek kyzy, Begimay"]
[Black "Kyrkjebo, Hanna B"]
[Result "1/2-1/2"]
[ECO "C47"]
[WhiteElo "1770"]
[BlackElo "1947"]
[Annotator "NA"]
[PlyCount "137"]
[EventDate "2018.09.05"]
[EventType "swiss"]
[EventCountry "TUR"]
[SourceTitle "playchess.com"]
[Source "ChessBase"]
[SourceQuality "1"]
[TimeControl "40/5400+30:1800+30"]

1. e4 e5 2. Nf3 Nc6 3. Nc3 Nf6 4. Be2 Bb4 5. Nd5 Bc5 6. d3 h6 7. c3 d6 8. b4 Bb6 9. O-O Nxd5 10. exd5 Ne7 11. Qb3 O-O 12. Be3 Ng6 13. c4 Bxe3 14. fxe3 Qe7 15. Qc2 Re8 16. Nd2 c6 17. Bf3 Nh4 18. Bh5 Rf8 19. Rae1 cxd5 20. cxd5 Qg5 21. Bf3 f5 22. Nc4 Qe7 23. Bh5 Qg5 24. Bd1 Rd8 25. a4 Bd7 26. Qf2 Qf6 27. b5 Ng6 28. Na5 Rab8 29. e4 Nf4 30. Re3 Rdc8 31. Rg3 Qd8 32. Nc4 Nxd3 33. Qa2 Rxc4 34. Qxc4 Qb6+ 35. Kh1 Nf2+ 36. Rxf2 Qxf2 37. Rf3 Qe1+ 38. Rf1 Qa5 39. exf5 Rf8 40. g4 Qd8 41. Re1 Qh4 42. Re4 Rc8 43. Qd3 Rc1 44. Kg2 Bxf5 45. gxf5 Rxd1 46. Rxh4 Rxd3 47. Rc4 Rxd5 48. Rc7 Rd4 49. Rxb7 Rxa4 50. Rd7 Rb4 51. Rxd6 Rxb5 52. Ra6 e4 53. f6 Rg5+ 54. Kh3 gxf6 55. Rxf6 Re5 56. Kg2 e3 57. Kf1 Kg7 58. Ra6 Re7 59. h4 h5 60. Ke2 Kf8 61. Ra5 Re6 62. Rxa7 Re4 63. Rb7 Ke8 64. Ra7 Kf8 65. Rb7 Rxh4 66. Kxe3 Kg8 67. Kf3 Rg4 68. Rb5 Rg6 69. Ke4 1/2-1/2

[Event "World Junior U20 Girls 2018"]
[Site "Gebze"]
[Date "2018.09.07"]
[Round "4"]
[White "De Silva, Tenara"]
[Black "Varshini, V."]
[Result "1/2-1/2"]
[ECO "B55"]
[WhiteElo "1764"]
[BlackElo "2173"]
[Annotator "NA"]
[PlyCount "84"]
[EventDate "2018.09.05"]
[EventType "swiss"]
[EventCountry "TUR"]
[SourceTitle "playchess.com"]
[Source "ChessBase"]
[SourceQuality "1"]
[TimeControl "40/5400+30:1800+30"]

1. e4 c5 2. Nf3 d6 3. d4 cxd4 4. Nxd4 Nf6 5. f3 e5 6. Bb5+ Bd7 7. Bxd7+ Qxd7 8. Nf5 {[%emt 0:00:30] B55: Sicilian: 2...d6 3 d4 cxd4 4 Nxd4 Nf6 5 f3} g6 (8... d5 9. Bg5 dxe4 10. Bxf6 Qxd1+ 11. Kxd1 gxf6 12. fxe4 Rg8 13. g3 Na6 14. Nc3 Nc7 15. Ke2 Bb4 16. Nd1 Bc5 17. c3 Ne6 18. b4 Bb6 19. h4 h5 20. Nb2 {½-½ (40) Jakubowski,K (2561)-Pakleza,Z (2498) Katowice 2015}) 9. Ng3 Bg7 10. c4 $146 ({Predecessor:} 10. Nc3 Nc6 11. Bg5 O-O 12. Qd2 Ne7 13. O-O-O Rfd8 14. Kb1 b5 15. Bxf6 Bxf6 {½-½ (45) Bosch,J (2405)-Shahade,G (2300) Groningen 1997}) 10... Nc6 11. Nc3 O-O 12. Be3 Rac8 13. Qd2 Nd4 14. b3 a6 15. O-O b5 16. Bxd4 exd4 17. Nd5 Nxd5 18. cxd5 Rc3 19. Ne2 Qa7 $1 20. Kh1 Re3 21. Rad1 d3 $11 (21... a5 $15) 22. Nf4 Bh6 23. Nxd3 f5 24. e5 dxe5 25. Nxe5 Qg7 26. Nc6 Rxf3 27. Qb4 Rxf1+ 28. Rxf1 Bg5 29. d6 Bf6 30. Qc5 Qd7 31. h3 Re8 32. Qd5+ Kg7 33. Rc1 Re6 34. Rd1 Re4 35. Kh2 Bg5 36. Nd4 Bf4+ 37. Kh1 Bxd6 38. Nf3 Re6 39. Qd4+ Kg8 40. Ng5 Re8 41. Qd5+ Kg7 42. Qd4+ Kg8 1/2-1/2

[Event "World Junior U20 Girls 2018"]
[Site "Gebze"]
[Date "2018.09.07"]
[Round "4"]
[White "Yorgun, Yaren Naz"]
[Black "Santeramo, Alessia"]
[Result "0-1"]
[ECO "C47"]
[WhiteElo "1751"]
[BlackElo "2124"]
[Annotator "NA"]
[PlyCount "114"]
[EventDate "2018.09.05"]
[EventType "swiss"]
[EventCountry "TUR"]
[SourceTitle "playchess.com"]
[Source "ChessBase"]
[SourceQuality "1"]
[TimeControl "40/5400+30:1800+30"]

1. e4 e5 2. Nf3 Nc6 3. Nc3 Nf6 4. d4 exd4 5. Nxd4 Bb4 6. Nxc6 bxc6 7. Bd3 d5 8. exd5 cxd5 9. O-O O-O 10. h3 {[%emt 0:00:30] C47: Schottisches Vierspringerspiel} c6 11. Qf3 Rb8 (11... Bd6 12. Bf4 Be6 13. Rfe1 Bxf4 14. Qxf4 Qb8 15. Qxb8 Raxb8 16. Na4 Nd7 17. b3 c5 {½-½ (35) Nakamura,H (2777)-So,W (2780) Saint Louis 2018}) 12. Bf4 Bd6 13. b3 Re8 14. Ne2 Qc7 15. Rfe1 Bd7 16. Bxd6 Qxd6 17. Qf4 Re5 $146 ({Vorgänger:} 17... Qxf4 18. Nxf4 {1-0 (59) Song,M (2315)-Mitkov,N (2479) Chicago 2015}) 18. Qd2 Rbe8 19. Ng3 $11 h5 20. Rxe5 Qxe5 21. Rd1 h4 22. Ne2 Nh5 23. c4 dxc4 24. Bxc4 Be6 25. Bd3 Bd5 26. b4 Re6 27. a4 g6 28. Nc3 Nf4 29. Nxd5 cxd5 30. Bf1 g5 31. Qd4 Qxd4 32. Rxd4 Re1 33. Rd2 Ra1 34. a5 Ra4 35. g3 hxg3 36. fxg3 Ne6 37. Rxd5 Rxb4 38. Rd7 Nd4 39. Rxa7 Rb2 40. Bg2 Ne2+ 41. Kf2 Nf4+ 42. Kf3 Nxg2 43. Ra8+ Kg7 44. a6 f5 45. a7 Ne1+ 46. Ke3 Ra2 47. Kd4 Nf3+ 48. Ke3 Ng1 49. h4 Ra3+ 50. Kf2 Nh3+ 51. Kg2 g4 52. h5 Ng5 53. h6+ Kh7 54. Rf8 Rxa7 55. Rxf5 Kxh6 56. Rf4 Kh5 57. Kf1 Rf7 0-1

[Event "World Junior U20 Girls 2018"]
[Site "Gebze"]
[Date "2018.09.07"]
[Round "4"]
[White "Gur, Tuba"]
[Black "Ayan, Bengu Sena"]
[Result "1/2-1/2"]
[ECO "A12"]
[WhiteElo "1724"]
[BlackElo "1976"]
[Annotator "NA"]
[PlyCount "49"]
[EventDate "2018.09.05"]
[EventType "swiss"]
[EventCountry "TUR"]
[SourceTitle "playchess.com"]
[Source "ChessBase"]
[SourceQuality "1"]
[TimeControl "40/5400+30:1800+30"]

1. d4 d5 2. Nf3 Nf6 3. e3 Bg4 4. Be2 Nbd7 5. Nbd2 e6 6. O-O Bd6 7. c4 c6 8. b3 O-O 9. Bb2 a6 10. Ne5 Bxe2 11. Qxe2 Ne8 12. f4 f6 13. Nd3 Qe7 14. c5 $14 Bc7 15. Nf3 g6 16. Rae1 Ng7 17. e4 dxe4 18. Qxe4 Rfe8 19. b4 Nf8 20. a4 Qf7 21. h3 Nf5 22. Rf2 Ng3 23. Qe3 Nf5 24. Qe4 Ng3 25. Qe3 1/2-1/2

[Event "World Junior U20 Girls 2018"]
[Site "Gebze"]
[Date "2018.09.07"]
[Round "4"]
[White "Rousseau, Christilla"]
[Black "Caxita, Esperanca"]
[Result "0-1"]
[ECO "D02"]
[WhiteElo "1677"]
[BlackElo "1803"]
[Annotator "NA"]
[PlyCount "112"]
[EventDate "2018.09.05"]
[EventType "swiss"]
[EventCountry "TUR"]
[SourceTitle "playchess.com"]
[Source "ChessBase"]
[SourceQuality "1"]
[TimeControl "40/5400+30:1800+30"]

1. d4 d5 2. Bf4 Nd7 3. e3 Ngf6 4. c3 c5 5. Nd2 e6 6. Ngf3 Be7 7. h3 Qb6 8. Qb3 c4 9. Qc2 Bd6 10. Bxd6 Qxd6 11. e4 Qc6 12. e5 Nh5 13. Be2 Nf4 14. g3 Nxe2 15. Kxe2 Nb6 16. Nh2 Bd7 17. f4 Qa4 18. Qxa4 Nxa4 19. Rab1 Rc8 20. Rhf1 Rc6 21. Kd1 Ke7 22. g4 g6 23. Nhf3 Rb8 24. Ng5 h6 25. Nh7 b5 26. a3 a5 27. Kc2 b4 28. axb4 axb4 29. Nf6 Rcb6 30. Nxd7 Kxd7 31. f5 exf5 32. gxf5 bxc3 33. bxc3 Rb2+ 34. Rxb2 Rxb2+ 35. Kc1 g5 36. Re1 Ke7 37. h4 Rb8 38. Kc2 g4 39. h5 Rg8 40. Rb1 Rd8 41. Rb4 Ra8 42. Rb7+ Ke8 43. e6 fxe6 44. fxe6 Ra6 45. Rg7 Rxe6 46. Rxg4 Re3 47. Rg8+ Kf7 48. Rd8 Rxc3+ 49. Kb1 Rd3 50. Kc2 Rxd4 51. Nf3 Rf4 52. Ne5+ Ke6 53. Re8+ Kd6 54. Ng6 Rf5 55. Rd8+ Kc5 56. Ne7 Rxh5 0-1

[Event "World Junior U20 Girls 2018"]
[Site "Gebze"]
[Date "2018.09.07"]
[Round "4"]
[White "Anandpara Jayendra Saloni"]
[Black "Huttl, Sofie"]
[Result "0-1"]
[ECO "D02"]
[WhiteElo "1326"]
[BlackElo "1727"]
[Annotator "NA"]
[PlyCount "94"]
[EventDate "2018.09.05"]
[EventType "swiss"]
[EventCountry "TUR"]
[SourceTitle "playchess.com"]
[Source "ChessBase"]
[SourceQuality "1"]
[TimeControl "40/5400+30:1800+30"]

1. d4 d5 2. Bf4 Nf6 3. e3 e6 4. Nd2 Bd6 5. Bg3 c5 6. c3 Nc6 7. Ngf3 b6 8. Bd3 O-O 9. Ne5 Bb7 10. Rc1 Ne7 11. Ng4 Nf5 12. Nxf6+ Qxf6 13. Nf3 Nxg3 14. hxg3 h6 15. Bc2 c4 16. b3 cxb3 17. axb3 Ba6 18. Ra1 Bb5 19. Nh2 Rfc8 20. Ng4 Qd8 21. Nxh6+ gxh6 22. Rxh6 Qg5 23. Rh4 f5 24. Rh5 Qg7 25. f4 Qxg3+ 26. Kd2 Qf2+ 27. Kc1 Qxe3+ 28. Kb1 Qe2 29. Qh1 Qf1+ 30. Kb2 Qxh1 31. Raxh1 Bxf4 32. Rh8+ Kg7 33. R1h7+ Kg6 34. Rxc8 Rxc8 35. Rxa7 Bd2 36. c4 dxc4 37. bxc4 Bxc4 38. Bb3 Bxb3 39. Kxb3 Rd8 40. Rb7 Rxd4 41. Rxb6 Re4 42. Kc2 Bf4 43. Kd3 Re3+ 44. Kd4 Kf6 45. Rc6 Re2 46. Rc8 Rxg2 47. Rf8+ Ke7 0-1

[Event "World Junior U20 Girls 2018"]
[Site "Gebze"]
[Date "2018.09.10"]
[Round "6"]
[White "Assaubayeva, Bibisara"]
[Black "Maltsevskaya, Aleksandra"]
[Result "1/2-1/2"]
[ECO "A57"]
[WhiteElo "2371"]
[BlackElo "2234"]
[Annotator "ChessBase"]
[PlyCount "118"]
[EventDate "2018.09.05"]
[EventType "swiss"]
[EventCountry "TUR"]
[SourceTitle "playchess.com"]
[Source "ChessBase"]
[SourceQuality "1"]
[TimeControl "40/5400+30:1800+30"]

1. d4 Nf6 2. c4 c5 3. d5 b5 4. Qc2 bxc4 5. e4 e6 6. Bxc4 exd5 7. exd5 d6 8. Nf3 Be7 9. O-O O-O 10. Nc3 Nbd7 11. a4 Nb6 12. Ba2 Bg4 13. Nd2 c4 14. Bxc4 Qc8 15. b3 Bf5 16. Qd1 Ng4 17. a5 Nxc4 18. Nxc4 Ne5 19. Nxe5 dxe5 20. Bb2 Rd8 21. Qe2 Rb8 22. Qd1 Bg6 23. Re1 Qb7 24. Ba3 Bxa3 25. Rxa3 Qb4 26. Qa1 Rbc8 27. Re3 f5 28. Ra4 Qxb3 29. Ra3 Qb8 30. h3 e4 31. Re1 Qe5 32. a6 Rd7 33. Rb3 h6 34. Rb7 Rcd8 35. Qa5 f4 36. Qc5 Kh7 37. Qc6 Rd6 38. Qc7 R8d7 39. Qc8 Rd8 40. Qc7 R8d7 41. Qc5 f3 42. Qe3 fxg2 43. f3 Rxb7 44. axb7 Rb6 45. fxe4 Rxb7 46. Nd1 a5 47. Qc3 Qf4 48. Nf2 a4 49. Qa3 Rf7 50. Qe3 Qe5 51. Kxg2 Rb7 52. Rd1 Rb2 53. d6 Rb3 54. Qd4 Rg3+ 55. Kf1 Qb5+ 56. Rd3 Qb1+ 57. Rd1 Qb5+ 58. Rd3 Qb1+ 59. Rd1 Qb5+ 1/2-1/2

[Event "World Junior U20 Girls 2018"]
[Site "Gebze"]
[Date "2018.09.10"]
[Round "6"]
[White "Zhu, Jiner"]
[Black "Li, Xinyu"]
[Result "1-0"]
[ECO "B21"]
[WhiteElo "2364"]
[BlackElo "2086"]
[Annotator "NA"]
[PlyCount "135"]
[EventDate "2018.09.05"]
[EventType "swiss"]
[EventCountry "TUR"]
[SourceTitle "playchess.com"]
[Source "ChessBase"]
[SourceQuality "1"]
[TimeControl "40/5400+30:1800+30"]

1. e4 c5 2. f4 Nc6 3. Nf3 g6 4. Bb5 Bg7 5. Bxc6 dxc6 6. d3 Nf6 7. Qe2 {[%emt 0:05:30] B21: Sicilian: 2 f4 and Morra Gambit} (7. O-O Bg4 8. Nbd2 O-O 9. Qe1 Bxf3 10. Nxf3 Qb6 11. Kh1 Qc7 12. Rb1 Rad8 13. b3 Nh5 14. Qh4 Bf6 {1-0 (44) Barskij,V (2389)-Ilyuchyk,Y (2083) Minsk 2018}) 7... b6 $146 ({Predecessor:} 7... Bg4 8. Nbd2 O-O 9. h3 Be6 10. Nf1 Qc7 11. Ng3 Rad8 12. O-O Bc8 13. Ne5 Nd7 14. Nxd7 Bxd7 {0-1 (44) Ilkovic,F (1885)-Uhrincat,I (1978) Slovakia 2018}) 8. Bd2 Qc7 9. Nc3 Bg4 10. h3 Bxf3 11. Qxf3 e6 12. e5 Nd5 13. Ne4 O-O-O 14. a4 a5 15. Nd6+ Kb8 16. c4 ({Lieber} 16. O-O-O $14) 16... Nb4 17. Bxb4 cxb4 18. O-O-O Bf8 19. Ne4 Bc5 20. g4 Bd4 21. Rde1 Qe7 22. Nf6 Kc7 23. b3 Bc3 24. Re4 Rd4 25. Rd1 Qc5 26. Re2 Qe7 27. Ne4 Rd7 28. Rc2 Bd4 29. Nf6 Rdd8 30. h4 h6 31. Qg3 Kb8 32. Kb1 Qc7 33. Re1 Bc5 34. h5 gxh5 35. gxh5 Rd4 36. Ne4 Rhd8 37. Nxc5 bxc5 38. Re3 Kb7 39. Rg2 Qe7 40. Kc2 R8d7 41. Rf3 Qd8 42. Qh3 Qh8 43. Rgg3 Qd8 44. Rg7 Qf8 45. Qg3 Kb6 46. Rg8 Qe7 47. Rb8+ Rb7 48. Rh8 Rd8 49. Rxh6 Qd7 50. Qg1 Rbb8 51. Rg3 Rh8 52. Rxh8 Rxh8 53. Rg5 Qd8 54. f5 $11 ({White should try} 54. Qe3 $14) 54... f6 55. exf6 Qxf6 56. d4 exf5 57. Rg6 Qxd4 58. Qxd4 cxd4 59. h6 f4 60. Kd3 f3 61. Rf6 Kc5 62. Rf5+ Kb6 63. c5+ Kc7 64. Rf7+ Kc8 65. h7 Kb8 66. Rg7 f2 67. Ke2 Rf8 68. Kf1 1-0

[Event "World Junior U20 Girls 2018"]
[Site "Gebze"]
[Date "2018.09.10"]
[Round "6"]
[White "Dordzhieva, Dinara"]
[Black "Haussernot, Cecile"]
[Result "1-0"]
[ECO "D02"]
[WhiteElo "2318"]
[BlackElo "2237"]
[Annotator "NA"]
[PlyCount "119"]
[EventDate "2018.09.05"]
[EventType "swiss"]
[EventCountry "TUR"]
[SourceTitle "playchess.com"]
[Source "ChessBase"]
[SourceQuality "1"]
[TimeControl "40/5400+30:1800+30"]

1. Nf3 d5 2. g3 g6 3. Bg2 Bg7 4. d4 Nh6 5. c4 dxc4 {[%emt 0:02:30] D02: 1 d4 d5 2 Nf3 sidelines, including 2...Nf6 3 g3 and 2...Nf6 3 Bf4} 6. Qa4+ c6 7. Qxc4 Nf5 8. e3 b6 9. Ne5 $146 ({Predecessor:} 9. Qa4 Ba6 10. g4 Nd6 11. Ne5 O-O 12. Nc3 Qc8 13. h3 {0-1 (32) Teterev,V (2487)-Ivanisevic,I (2638) Minsk 2017}) 9... Bxe5 10. dxe5 O-O 11. Qc3 Ba6 12. b4 Qd7 13. Bb2 Rd8 14. Nd2 Qe6 15. Qb3 ({Besser ist} 15. a4 $16) 15... Qc8 16. Nc4 Nd7 {[%emt 0:22:30] [#]} 17. O-O ({Only move:} 17. e6 $1 $18 fxe6 18. O-O) 17... Nf8 18. Rac1 Qe6 19. Rfe1 Rac8 20. a4 Rd7 21. Qc3 Rcd8 22. Be4 Nh6 23. a5 Ng4 $1 24. axb6 axb6 25. Ba1 h5 26. Rc2 Rd1 27. Nxb6 Nh7 28. h4 Bb5 29. Bf3 Rxe1+ 30. Qxe1 Qf5 31. Bd1 Nxe5 32. Rd2 Nd3 33. e4 Qe6 34. Qe3 Nf6 35. Be2 Qxe4 36. Bxd3 Qxe3 37. fxe3 Ne4 38. Bxe4 Rxd2 39. Bd4 f5 40. Bf3 Rc2 41. Nd7 Rc1+ 42. Kf2 Rc2+ 43. Ke1 Rc1+ 44. Kd2 Rf1 45. Ne5 Rf2+ 46. Kc3 Ba4 47. Bc5 e6 48. Bxc6 Rc2+ 49. Kd3 Bb3 50. Nxg6 Kg7 51. Ne5 Kf6 $18 52. Nd7+ Kf7 53. b5 Rb2 54. Ne5+ Kf6 55. Bd4 Rb1 56. b6 Ke7 57. b7 Bd1 58. Bg2 Kd6 59. Nc4+ Kc7 60. Be5+ 1-0

[Event "World Junior U20 Girls 2018"]
[Site "Gebze"]
[Date "2018.09.10"]
[Round "6"]
[White "Khomeriki, Nino"]
[Black "Antova, Gabriela"]
[Result "1-0"]
[ECO "D48"]
[WhiteElo "2313"]
[BlackElo "2292"]
[Annotator "NA"]
[PlyCount "67"]
[EventDate "2018.09.05"]
[EventType "swiss"]
[EventCountry "TUR"]
[SourceTitle "playchess.com"]
[Source "ChessBase"]
[SourceQuality "1"]
[TimeControl "40/5400+30:1800+30"]

1. d4 d5 2. c4 e6 3. Nf3 Nf6 4. Nc3 c6 5. e3 Nbd7 6. Bd3 dxc4 7. Bxc4 b5 8. Bd3 Bb7 9. O-O a6 10. e4 c5 11. d5 Qc7 12. dxe6 fxe6 {[%emt 0:00:00] LiveBook: 396 Games} 13. Ne2 {[%emt 0:00:00] D48: Semi-Slav: Meran System: 7...b5 8 Bd3 a6} c4 14. Bc2 O-O-O (14... Nc5 15. Bf4 Qd7 16. Qxd7+ Nfxd7 17. Ned4 Be7 18. b4 cxb3 19. axb3 b4 20. Rfe1 O-O 21. Bc7 g6 {½-½ (40) Radjabov,T (2748)-Karjakin,S (2778) Shamkir 2018}) 15. Qe1 e5 16. Ng3 $146 ({Predecessor:} 16. Bd2 Re8 17. Ba5 Qc6 18. Nc3 b4 19. Nd5 Nxd5 20. exd5 Qb5 21. Bf5 Qxa5 22. Rc1 Qc7 23. Ng5 g6 24. Be6 Kb8 25. Qe2 Nb6 26. Nf7 Rg8 27. Rfd1 Bc5 28. Nxe5 Rgf8 {0-1 (28) Beradze,I (2486)-Firouzja,A (2570) Nakhchivan 2018}) 16... Bc5 17. Bd2 Kb8 (17... Bb6 $1 $11) 18. a4 Qc6 19. axb5 axb5 20. Qe2 Bb6 21. Ba5 Rhe8 $18 (21... Bxa5 $16 22. Rxa5 Kc7) 22. b3 c3 23. Bd3 Bxa5 24. Rxa5 b4 25. Rfa1 Nc5 26. Bb5 Qd6 27. Nf5 Qc7 28. Qa2 Qb6 29. Ne3 Qd6 30. h3 c2 31. Kh2 Nxb3 32. Qxb3 Rc8 33. Nxc2 Bxe4 34. Nxb4 1-0

[Event "World Junior U20 Girls 2018"]
[Site "Gebze"]
[Date "2018.09.10"]
[Round "6"]
[White "Sieber, Fiona"]
[Black "Ghukasyan, Siranush"]
[Result "1/2-1/2"]
[ECO "C95"]
[WhiteElo "2277"]
[BlackElo "2205"]
[Annotator "ChessBase"]
[PlyCount "122"]
[EventDate "2018.09.05"]
[EventType "swiss"]
[EventCountry "TUR"]
[SourceTitle "playchess.com"]
[Source "ChessBase"]
[SourceQuality "1"]
[TimeControl "40/5400+30:1800+30"]

1. e4 e5 2. Nf3 Nc6 3. Bb5 a6 4. Ba4 Nf6 5. O-O Be7 6. Re1 b5 7. Bb3 d6 8. c3 O-O 9. h3 Nb8 10. d4 Nbd7 11. Nbd2 Bb7 12. Bc2 Re8 13. Nf1 Bf8 14. Ng3 g6 15. a4 c5 16. d5 c4 17. Bg5 h6 18. Be3 Nc5 19. Qd2 h5 20. Bxc5 dxc5 21. Nf1 Qd6 22. Qe3 Bg7 23. N1d2 Nd7 24. Reb1 Reb8 25. b3 cxb3 26. Rxb3 Qc7 27. Rb2 Qa5 28. Rbb1 Qc7 29. Qe1 bxa4 30. Nc4 Bc8 31. Bxa4 f6 32. d6 Qd8 33. Bc6 Rxb1 34. Rxb1 Rb8 35. Bd5+ Kh7 36. Nh4 Rxb1 37. Qxb1 Qe8 38. g3 Bf8 39. Kh2 Kg7 40. f4 exf4 41. gxf4 Kh7 42. e5 Bh6 43. Nxg6 f5 44. Ne7 Bxf4+ 45. Kh1 Nxe5 46. Qf1 Bg3 47. Nb6 Bd7 48. Nxd7 Qxd7 49. Nxf5 h4 50. Qe2 Kg6 51. Be4 Kf6 52. Qxa6 Nf7 53. Qf1 Kg5 54. Qc1+ Kf6 55. Qf1 Kg5 56. Qf3 Nxd6 57. Qg4+ Kf6 58. Nxd6 Qxg4 59. hxg4 Bxd6 60. Kg2 Kg5 61. Kh3 Be5 1/2-1/2

[Event "World Junior U20 Girls 2018"]
[Site "Gebze"]
[Date "2018.09.10"]
[Round "6"]
[White "Alinasab, Mobina"]
[Black "Tokhirjonova, Gulrukhbegim"]
[Result "1/2-1/2"]
[ECO "C67"]
[WhiteElo "2261"]
[BlackElo "2369"]
[Annotator "ChessBase"]
[PlyCount "149"]
[EventDate "2018.09.05"]
[EventType "swiss"]
[EventCountry "TUR"]
[SourceTitle "playchess.com"]
[Source "ChessBase"]
[SourceQuality "1"]
[TimeControl "40/5400+30:1800+30"]

1. e4 e5 2. Nf3 Nc6 3. Bb5 Nf6 4. O-O Nxe4 5. Re1 Nd6 6. Nxe5 Be7 7. Bf1 Nxe5 8. Rxe5 O-O 9. d4 Ne8 10. c3 d5 11. Nd2 Bd6 12. Re1 Nf6 13. h3 Bf5 14. Nf3 Ne4 15. Bd3 Re8 16. Be3 c6 17. Qc2 Bg6 18. c4 Bc7 19. Ne5 Bxe5 20. dxe5 Rxe5 21. Rad1 Nf6 22. Qc3 Re6 23. Bf1 Qd7 24. Bd4 Rae8 25. Rxe6 Qxe6 26. Bxa7 Bh5 27. f3 Qd6 28. cxd5 Nxd5 29. Qb3 Qc7 30. Bf2 f6 31. a3 Bf7 32. Qd3 Qe5 33. Qd2 Qf4 34. Qxf4 Nxf4 35. Rd7 b5 36. Rd2 Ng6 37. Rc2 Bd5 38. Rc5 Nf4 39. Rc2 Kf7 40. Bg3 Ne6 41. Rd2 Rd8 42. Bf2 f5 43. Bb6 Rb8 44. Ba5 g6 45. Kf2 h5 46. Bb4 Rd8 47. Ba5 Rb8 48. Bb4 Rb7 49. Be2 Bb3 50. Bc3 Ke7 51. Be5 Bd5 52. Bc3 Kd6 53. Bd1 Rd7 54. h4 c5 55. Bc2 Kc6 56. Bd1 Rb7 57. g4 Rf7 58. gxh5 gxh5 59. Bc2 Rf8 60. Re2 Nf4 61. Re7 Ng6 62. Rh7 Nxh4 63. Rh6+ Kb7 64. Rxh5 Nxf3 65. Rxf5 Rxf5 66. Bxf5 Kc6 67. Ke3 Ng5 68. Bf6 Nf7 69. Bg6 Nd6 70. Bd3 Bc4 71. Be4+ Bd5 72. Bd3 Bc4 73. Be4+ Bd5 74. Bd3 Bc4 75. Be4+ 1/2-1/2

[Event "World Junior U20 Girls 2018"]
[Site "Gebze"]
[Date "2018.09.10"]
[Round "6"]
[White "Diakonova, Ekaterina"]
[Black "Bai, Xue"]
[Result "1-0"]
[ECO "C99"]
[WhiteElo "2243"]
[BlackElo "2073"]
[Annotator "NA"]
[PlyCount "101"]
[EventDate "2018.09.05"]
[EventType "swiss"]
[EventCountry "TUR"]
[SourceTitle "playchess.com"]
[Source "ChessBase"]
[SourceQuality "1"]
[TimeControl "40/5400+30:1800+30"]

1. e4 e5 2. Nf3 Nc6 3. Bb5 a6 4. Ba4 Nf6 5. O-O Be7 6. Re1 b5 7. Bb3 O-O 8. h3 d6 9. c3 Na5 10. Bc2 c5 11. d4 Qc7 12. Nbd2 Bd7 13. Nf1 cxd4 14. cxd4 Nc6 15. Ne3 {[%emt 0:04:00] C99: Spanische Partie (Tschigorin-System)} (15. Be3 a5 16. Rc1 Qb7 17. a3 a4 18. Qe2 Rfe8 19. Bd3 Bd8 20. dxe5 Nxe5 21. Nxe5 dxe5 22. Bc5 Bb6 23. Bxb5 {1-0 (35) Vocaturo,D (2588)-Bellia,F (2452) Milan 2015}) 15... Rfe8 16. Bb3 exd4 $146 ({Vorgänger:} 16... Bf8 17. Nd5 Nxd5 18. Bxd5 h6 19. Be3 Rac8 20. Qb3 Nd8 21. Rec1 Qa5 22. Rxc8 Bxc8 23. Qc2 Be6 24. Bxe6 Rxe6 25. a3 exd4 26. Nxd4 Re7 27. Rc1 b4 28. axb4 Qxb4 29. Qc8 {1-0 (29) Somborski,N (2342)-Jovanovic,M (2192) Kac 2012}) 17. Nxd4 Nxd4 18. Qxd4 Be6 19. Bd2 Qc5 20. Qxc5 dxc5 21. Bxe6 fxe6 22. Ng4 Nxg4 23. hxg4 Rad8 24. Rad1 b4 25. b3 {[%emt 0:05:30] [#]} c4 $1 26. bxc4 Rd4 27. Bf4 Rxc4 28. Rd7 Rc2 29. Rb7 Bc5 30. Be3 Bxe3 31. Rxe3 Rf8 32. f3 $17 (32. Rd3 $11 {keeps the balance.}) 32... Rd8 33. f4 Rdd2 34. Rg3 Rc3 35. Rxc3 bxc3 36. Rc7 Rxa2 37. Rxc3 Ra4 38. Re3 a5 39. Kf2 Rb4 40. Kf3 a4 41. Rd3 Rb3 42. Ke2 Rxd3 43. Kxd3 e5 44. f5 h6 45. Kc4 Kf7 46. g5 hxg5 47. Kb4 g6 48. fxg6+ Kxg6 49. g4 Kf7 50. Kxa4 Ke6 51. Kb5 1-0

[Event "World Junior U20 Girls 2018"]
[Site "Gebze"]
[Date "2018.09.10"]
[Round "6"]
[White "Paramzina, Anastasya"]
[Black "Sliwicka, Alicja"]
[Result "1-0"]
[ECO "C55"]
[WhiteElo "2222"]
[BlackElo "2272"]
[Annotator "NA"]
[PlyCount "86"]
[EventDate "2018.09.05"]
[EventType "swiss"]
[EventCountry "TUR"]
[SourceTitle "playchess.com"]
[Source "ChessBase"]
[SourceQuality "1"]
[TimeControl "40/5400+30:1800+30"]

1. e4 e5 2. Nf3 Nc6 3. Bc4 Nf6 4. d3 Be7 5. O-O O-O 6. Re1 d6 7. a4 Kh8 8. h3 {[%emt 0:00:00] C55: Two Knights: 4 d3, 4 d4 exd4 5 e5 and Max Lange Attack} (8. Nc3 Ng8 9. Nd5 f5 10. h3 fxe4 11. dxe4 Nf6 12. a5 a6 13. Ra3 Be6 14. Nxf6 Bxc4 15. Nd5 Bb5 {½-½ (67) Caruana,F (2822)-Grischuk,A (2766) Saint Louis 2018}) 8... h6 9. Nc3 Nh7 10. Nd5 f5 11. b4 $146 ({Predecessor:} 11. c3 fxe4 12. dxe4 Ng5 13. Nxg5 Bxg5 14. Qh5 Bxc1 15. Raxc1 Be6 {1-0 (46) Topic,J (1932)-Krivec,J (2345) Kozje 2008}) 11... f4 12. b5 Nb8 {[%emt 0:10:30] [#]} 13. d4 $1 Bf6 14. dxe5 Bxe5 (14... dxe5 $142 15. Ba3 Re8) 15. Nxe5 dxe5 16. Ba3 Re8 17. Ne7 Ng5 18. Qxd8 Rxd8 19. Rad1 Re8 20. Nxc8 Rxc8 21. h4 $18 (21. Bb2 ) 21... Nh7 22. Be6 Re8 23. Bf7 Rc8 24. Bb2 c6 25. Bxe5 Rf8 26. Bb3 cxb5 27. axb5 a6 28. Bd6 Re8 29. Bf7 Rd8 30. e5 axb5 31. e6 Nc6 32. e7 Re8 33. Ra1 Rac8 34. Bxe8 Rxe8 35. Ra8 Nf6 36. Rxe8+ Nxe8 37. Bxf4 Kg8 38. Be3 Kf7 39. Bc5 Nb8 40. Ba3 Na6 41. c3 Nac7 42. Re5 Kf6 43. f4 g6 1-0

[Event "World Junior U20 Girls 2018"]
[Site "Gebze"]
[Date "2018.09.10"]
[Round "6"]
[White "Caglar, Sila"]
[Black "Isha Sharma"]
[Result "0-1"]
[ECO "C07"]
[WhiteElo "2208"]
[BlackElo "2012"]
[Annotator "NA"]
[PlyCount "86"]
[EventDate "2018.09.05"]
[EventType "swiss"]
[EventCountry "TUR"]
[SourceTitle "playchess.com"]
[Source "ChessBase"]
[SourceQuality "1"]
[TimeControl "40/5400+30:1800+30"]

1. e4 e6 2. d4 d5 3. Nd2 c5 4. exd5 Qxd5 5. dxc5 Qxc5 6. Ngf3 Nf6 7. Bc4 Bd6 8. Qe2 O-O 9. Nb3 Qc7 10. Bg5 Nbd7 11. O-O-O Nb6 12. Bd3 Nbd5 13. g3 h6 14. Bxf6 Nxf6 15. Nfd4 a6 16. Kb1 Re8 17. Nd2 $15 Bf8 18. Ne4 Nd5 19. c4 Nb4 20. g4 Rd8 21. Bc2 e5 22. Nf5 Be6 23. Ne3 Rd4 24. Rxd4 exd4 25. Nd5 Bxd5 26. cxd5 Nxc2 27. Qxc2 Qe5 28. f3 Qxd5 29. Qd3 Rd8 30. Rd1 Qe5 31. Ng3 g6 32. Qe4 Bg7 33. Re1 Qb5 34. Qe2 d3 35. Qd2 a5 36. Ne4 a4 37. a3 Qb3 38. Nc5 Qb5 39. Qb4 d2 40. Rd1 Qe2 41. Qxa4 Qxf3 42. Kc2 Rc8 43. Qb5 Qe3 0-1

[Event "World Junior U20 Girls 2018"]
[Site "Gebze"]
[Date "2018.09.10"]
[Round "6"]
[White "Beydullayeva, Govhar"]
[Black "Yang, Yijing"]
[Result "1/2-1/2"]
[ECO "A15"]
[WhiteElo "2202"]
[BlackElo "2018"]
[Annotator "NA"]
[PlyCount "96"]
[EventDate "2018.09.05"]
[EventType "swiss"]
[EventCountry "TUR"]
[SourceTitle "playchess.com"]
[Source "ChessBase"]
[SourceQuality "1"]
[TimeControl "40/5400+30:1800+30"]

1. Nf3 Nf6 2. g3 g6 3. Bg2 Bg7 4. O-O O-O 5. c4 c6 6. h3 d5 7. b3 Nfd7 8. d4 dxc4 9. bxc4 e5 10. e3 exd4 11. exd4 c5 12. Nc3 (12. Bg5 $5 Qa5 13. Nbd2 $14) 12... Nc6 13. Bg5 Qa5 14. Nb5 a6 15. d5 axb5 16. dxc6 bxc6 17. Rc1 Qxa2 18. Ne1 Ra6 19. cxb5 cxb5 20. Be7 $19 (20. Nd3 $17 {is a better defense.}) 20... Re8 21. Bxc5 Nxc5 22. Rxc5 Be6 23. Nc2 Rb6 24. Ne3 Qa3 25. Rc1 Rd6 26. Qf3 b4 27. Qb7 Bh6 28. Nc4 Bxc4 29. Rxc4 Bd2 30. Bd5 Rf6 31. Rc7 Rf8 32. Rc2 Bg5 33. h4 Bh6 34. Rb1 Qa6 35. Qxa6 Rxa6 36. Rxb4 Ra7 37. g4 Rd7 38. Ba2 Rd2 39. Rxd2 Bxd2 40. Rb7 h6 41. Rd7 Bf4 42. Kg2 g5 43. h5 Kg7 44. Kf3 Kf6 45. Rb7 Kg7 46. Bd5 Kf6 47. Ke4 Re8+ 48. Kd3 Re7 1/2-1/2